 Dungeon Sprint DCSS version 0.27.0-1-g7a089689b8 (webtiles) character file.

Game seed: 16086792714736819180

1453 xpp the Fighter (level 8, -10/83 HPs)
             Began as a Black Draconian Berserker on July 31, 2021.
             Was an Elder of Trog.
             Succumbed to a death drake's dark miasma
             ... in the Dungeon (Sprint II: "The Violet Keep of Menkaure").
             The game lasted 00:10:53 (934 turns).

xpp the Fighter (Black Draconian Berserker)          Turns: 934, Time: 00:10:53

Health: -10/83     AC:  7    Str: 22    XL:     8   Next: 47%
Magic:  8/8        EV: 15    Int:  9    God:    Trog [****..]
Gold:   0          SH:  9    Dex: 12    Spells: 7/7 levels left

rFire    . . .     SeeInvis .   a - +0 falchion
rCold    + . .     Faith    .   h - +0 kite shield
rNeg     . . .     Spirit   .   (armour unavailable)
rPois    .         Reflect  .   (helmet restricted)
rElec    +         Harm     .   (no cloak)
rCorr    .         Rampage  .   (no gloves)
Will     .....     NoTele   +   (no boots)
Stlth    +.........             (no amulet)
HPRegen  0.23/turn              i - ring of the Octopus King {rC+ AC+1 EV+1 Str+1 Int+1 Dex+1}
MPRegen  0.11/turn              (no ring)

@: lethally poisoned (-10 -> -43), short of breath, on berserk cooldown, slowed,
very slow
A: breathe lightning, AC +6, unfitting armour, electricity resistance,
cold-blooded
a: Breathe Lightning, Renounce Religion, Berserk, Trog's Hand, Brothers in Arms


You were in the Dungeon.
You worshipped Trog.
Trog was greatly pleased with you.
You visited 1 branch You collected 822 gold pieces.
You spent 822 gold pieces at shops.

Inventory:

Hand Weapons
 a - a +0 falchion (weapon)
Armour
 h - a +0 kite shield (worn)
Jewellery
 i - a ring of the Octopus King (left hand) {rC+ AC+1 EV+1 Str+1 Int+1 Dex+1}
   (You bought it in a shop in the Dungeon)

   [ring of protection from cold]

   AC:        It affects your AC (+1).
   EV:        It affects your evasion (+1).
   Str:       It affects your strength (+1).
   Int:       It affects your intelligence (+1).
   Dex:       It affects your dexterity (+1).
   rC:        It protects you from cold.
Potions
 b - 2 potions of curing
 c - a potion of heal wounds
 d - a potion of haste
 e - 2 potions of magic
 f - a potion of berserk rage


   Skills:
 + Level 11.8 Fighting
 + Level 11.0 Long Blades
 * Level 10.7 Dodging
 * Level 2.7 Shields


You had 7 spell levels left.
You didn't know any spells.
Your spell library was empty.

Dungeon Overview and Level Annotations

Branches:
Dungeon (1/1)

Altars:
Cheibriados
Dithmenos
Elyvilon
Fedhas
Gozag
Hepliaklqana
Kikubaaqudgha
Makhleb
Nemelex Xobeh
Okawaru
Ru
Sif Muna
Trog
Uskayaw
Vehumet
Yredelemnul
Zin
Beogh
Jiyva
Lugonu

Shops:
D (?:*(=[[=(!![:=

Annotations:
D exclusions: obsidian statue and oklob plant


Innate Abilities, Weirdness & Mutations

You can breathe wild blasts of lightning.
Your glossy black scales are hard. (AC +6)
You cannot fit into any form of body armour.
You are resistant to electric shocks. (rElec)
You are cold-blooded and may be slowed by cold attacks.


Message History

The swamp drake dies!
You hit the hornet but do no damage.
The hornet is almost dead.
You are engulfed in noxious fumes.
You choke on the stench!
You are confused.
The hornet dies!
The death drake is engulfed in a cloud of scalding steam.
The death drake bites you but does no damage.
The death drake is engulfed in a cloud of scalding steam.
The death drake misses you.
Your Long Blades skill increases to level 11!
You feel less confused. The death drake breathes miasma at you.
The foul vapour engulfs you!
You are poisoned.
The death drake breathes miasma at you. The foul vapour engulfs you!
You are lethally poisoned!
* * * LOW HITPOINT WARNING * * *
Really walk into that cloud of steam? [Y]es or [N]o only, please.
Really walk into that cloud of steam?
You are engulfed in a cloud of scalding steam.
* * * LOW HITPOINT WARNING * * *
x2 You feel extremely sick.
You block the death drake's attack.
You feel much better.
* * * LOW HITPOINT WARNING * * *
You feel extremely sick. The death drake misses you.
The death drake breathes miasma at you. The foul vapour engulfs you!
You are more poisoned.
You feel as though you will be slow longer.
* * * LOW HITPOINT WARNING * * *
You feel better.
You are engulfed in dark miasma.
You are lethally poisoned!
You feel as though you will be slow longer.
* * * LOW HITPOINT WARNING * * *
You die...

≈≈.##+##.. #. .#
≈≈##.#.##.#### +.##.
≈≈#.###.#....# ^..#
####.#.## #..#####..#
#.###'## .##..#$h+○.#
...##.##.B.#..#.h#..# #
##.'.<.+# +..####.°##.#
...##.##B.$#..°°###...##▓▓
#.###'## .##...°@k≈≈≈≈≈≈≈≈≈
####.).####≈§..°°°°#+######
≈≈#..#..#÷≈§§§§°°.§#....._.
#≈##...##≈≈≈≈≈≈≈≈§≈#...._._
#≈≈##+##≈≈≈≈≈≈§≈≈≈≈#..._._.
##≈≈≈††)≈≈≈≈≈§≈§≈≈≈#.._._._
#+++#+++#≈§§≈§§§≈≈#._._._.
°°..°.##§§§###≈≈#_._._.
°.°....°°##≈≈# #≈≈#._._._


You could see a death drake (catching breath).

Vanquished Creatures
  A merfolk siren (D)
  2 wyverns (D)
  A vampire mosquito (D)
  Menkaure (D)
  A water moccasin (D)
  4 necrophages (D)
10 creatures vanquished.

Vanquished Creatures (others)
  A death drake (D)
  A yaktaur (D)
  2 polar bears (D)
  A hornet (D)
  A water moccasin (D)
  2 swamp drakes (D)
8 creatures vanquished.

Grand Total: 18 creatures vanquished

Notes
Turn   | Place    | Note
-------+----------+-------------------------------------------
     0 | D        | xpp the Draconian Berserker began the quest for the Orb.
     0 | D        | Reached XP level 1. HP: 19/19 MP: 1/1
     1 | D        | Noticed a necrophage
     1 | D        | Noticed a necrophage
     1 | D        | Noticed a necrophage
     1 | D        | Noticed a necrophage
     9 | D        | Killed a necrophage
    10 | D        | Reached skill level 5 in Long Blades
    10 | D        | Reached skill level 5 in Dodging
    10 | D        | Reached XP level 2. HP: 30/30 MP: 2/2
    10 | D        | Reached XP level 3. HP: 37/37 MP: 3/3
    10 | D        | Reached XP level 4. HP: 44/44 MP: 4/4
    14 | D        | Killed a necrophage
    15 | D        | Reached XP level 5. HP: 52/52 MP: 5/5
    17 | D        | Killed a necrophage
    17 | D        | Reached ** piety under Trog
    21 | D        | Killed a necrophage
    22 | D        | Reached XP level 6. HP: 63/63 MP: 6/6
    23 | D        | Killed a water moccasin
    92 | D        | Noticed a merfolk siren
    98 | D        | Killed a merfolk siren
    98 | D        | Reached *** piety under Trog
    99 | D        | Reached skill level 10 in Fighting
    99 | D        | Your scales start taking on a glossy black colour.
    99 | D        | Reached XP level 7. HP: 73/73 MP: 7/7
    99 | D        | Gained mutation: You are resistant to electric shocks.
                  | (rElec) [Black Draconian growth]
   141 | D        | Noticed a boulder beetle
   141 | D        | Noticed a boulder beetle
   145 | D        | Noticed a wyvern
   145 | D        | Noticed a wyvern
   145 | D        | Noticed Menkaure
   152 | D        | Killed a wyvern
   153 | D        | Reached skill level 10 in Long Blades
   156 | D        | Killed a wyvern
   158 | D        | Killed Menkaure
   158 | D        | Reached **** piety under Trog
   402 | D        | Noticed an obsidian statue
   415 | D        | Found Zelickeixyo's Distillery.
   415 | D        | Found Nuysiepp's Antique Armour Boutique.
   415 | D        | Found Kifricw's Antique Armour Shop.
   415 | D        | Found Gezeikan's Jewellery Boutique.
   415 | D        | Found Fiwaynk's Jewellery Shop.
   415 | D        | Found Cirara's Antique Weapon Boutique.
   415 | D        | Found Aggueblo's Antique Armour Shop.
   415 | D        | Found Wan Tylo's Distillery.
   415 | D        | Found Hoyrgh's Book Boutique.
   416 | D        | Found Keolic's Jewellery Shop.
   416 | D        | Found Xauf's Antique Weapon Boutique.
   426 | D        | Found Nocuptall's Assorted Antiques.
   426 | D        | Noticed a death yak
   426 | D        | Noticed an oklob plant
   427 | D        | Found Yxudwiju's Magic Scroll Shop.
   427 | D        | Found Pidghewn's Antique Weapon Boutique.
   427 | D        | Found Piwne's Book Shoppe.
   427 | D        | Noticed a cane toad
   427 | D        | Noticed a cane toad
   432 | D        | Noticed a slime creature
   434 | D        | Bought a kite shield for 117 gold pieces
   435 | D        | Bought a ring of the Octopus King {rC+ AC+1 EV+1 Str+1
                  | Int+1 Dex+1} for 513 gold pieces
   435 | D        | Found the ring of the Octopus King {rC+ AC+1 EV+1 Str+1
                  | Int+1 Dex+1}
   453 | D        | Bought a potion of heal wounds for 60 gold pieces
   453 | D        | Bought a potion of curing for 36 gold pieces
   461 | D        | Noticed a vampire mosquito
   469 | D        | Killed a vampire mosquito
   470 | D        | Reached skill level 10 in Dodging
   470 | D        | Reached skill level 1 in Shields
   470 | D        | Reached XP level 8. HP: 82/82 MP: 8/8
   533 | D        | Noticed an ice statue
   545 | D        | Found a blossoming altar of Fedhas.
   546 | D        | Found a white marble altar of Elyvilon.
   547 | D        | Found a shadowy altar of Dithmenos.
   547 | D        | Found a corrupted altar of Lugonu.
   547 | D        | Found an opulent altar of Gozag.
   547 | D        | Found a burning altar of Makhleb.
   548 | D        | Found a snail-covered altar of Cheibriados.
   548 | D        | Found an ancient bone altar of Kikubaaqudgha.
   548 | D        | Found a bloodstained altar of Trog.
   549 | D        | Found a viscous altar of Jiyva.
   549 | D        | Found a shimmering blue altar of Sif Muna.
   550 | D        | Found a hazy altar of Hepliaklqana.
   550 | D        | Found a sacrificial altar of Ru.
   554 | D        | Noticed a hell hog
   554 | D        | Noticed a hell hog
   668 | D        | Noticed a death drake
   671 | D        | Noticed a death drake
   672 | D        | Noticed a crystal guardian
   673 | D        | Noticed a polar bear
   673 | D        | Noticed a yaktaur
   713 | D        | Killed a yaktaur
   715 | D        | Killed a polar bear
   749 | D        | Killed a death drake
   814 | D        | Bought a potion of heal wounds for 60 gold pieces
   814 | D        | Bought a potion of curing for 36 gold pieces
   909 | D        | Noticed a polar bear
   915 | D        | Noticed a hornet
   917 | D        | Killed a polar bear
   923 | D        | Found a sparkling altar of Nemelex Xobeh.
   923 | D        | Found a hide-covered altar of Uskayaw.
   923 | D        | Found a basalt altar of Yredelemnul.
   924 | D        | Found an iron altar of Okawaru.
   924 | D        | Found a radiant altar of Vehumet.
   924 | D        | Found a glowing silver altar of Zin.
   930 | D        | Killed a hornet
   932 | D        | HP: 2/83 [poisoned by a death drake (foul vapour)]
   934 | D        | Succumbed to a death drake's dark miasma

Illustrated notes

Levels and vault maps discovered:
D:        the_violet_keep_of_menkaure [sprint2_stairs_cluster_1,
          sprint2_shoproom, sprint2_temple, sprint2_basic_supplies,
          sprint2_obstacle_2, sprint2_obstacle_4, sprint2_obstacle_3,
          sprint2_obstacle_6, sprint2_obstacle_1, sprint2_timed_cluster_1,
          sprint2_smallroom_cluster_1, sprint2_smallroom_final_cluster_1,
          sprint2_transparent_cluster_1, sprint2_second_timed_cluster_1,
          sprint2_sniper_area_1, sprint2_heavy_combat_area_1,
          sprint2_mutation_trap_area_1, sprint2_forest_area_1,
          sprint2_light_combat_area_1, sprint2_behind_water_1,
          sprint2_near_end_vault_1]

Skill      XL: |  1  2  3  4  5  6  7  8 |
---------------+-------------------------+-----
Fighting       | 6 7 9 10 11 | 11.8
Long Blades    | 5 6 8 9 10 11 | 11.0
Dodging        | 5 6 7 9 10 | 10.7
Shields        | 1 2 |  2.7

Action                   |  1- 3 |  4- 6 |  7- 9 || total
-------------------------+-------+-------+-------++-------
Melee: Falchion          |     6 |    16 |    27 ||    49
       Tailslap          |       |     3 |     4 ||     7
Invok: Berserk           |     1 |     1 |     3 ||     5
       Trog's Hand       |       |       |     1 ||     1
 Abil: Breathe Lightning |       |       |     2 ||     2
  Use: Potion            |       |       |     3 ||     3
       Scroll            |       |       |     1 ||     1
Armor: Skin              |       |     3 |     7 ||    10
Dodge: Dodged            |     4 |     4 |    32 ||    40
Block: Kite shield       |       |       |     9 ||     9
       Rpst.: Falchion   |     1 |     1 |     4 ||     6
